 Dungeon Crawl Stone Soup version 0.28-a0-938-gbc3f381ebc (webtiles) character file.

Game seed: 4816585752131671424

26 croobank the Ducker (level 3, 0/29 HPs)
             Began as a Human Monk on Nov 28, 2021.
             Succumbed to an adder's poison
             ... on level 2 of the Dungeon.
             The game lasted 00:06:14 (1997 turns).

croobank the Ducker (Human Monk)                    Turns: 1997, Time: 00:06:15

Health: 0/29       AC:  2    Str: 11    XL:     3   Next: 22%
Magic:  12/12      EV: 13    Int: 11    God:
Gold:   50         SH:  0    Dex: 15    Spells: 2/2 levels left

rFire   . . .      SeeInvis .   a - +0 hand axe
rCold   . . .      Faith    .   (no shield)
rNeg    . . .      Spirit   .   b - +0 robe
rPois   .          Reflect  .   (no helmet)
rElec   .          Harm     .   (no cloak)
rCorr   .          Rampage  .   (no gloves)
Will    .....                   (no boots)
Stlth   ++........              (no amulet)
HPRegen 0.09/turn               f - ring of magical power
MPRegen 0.13/turn               (no ring)

@: lethally poisoned (0 -> -6)
A: no striking features
a: no special abilities


You were on level 2 of the Dungeon.
You visited 1 branch of the dungeon, and saw 2 of its levels.

You collected 50 gold pieces.

Inventory:

Hand Weapons
 a - a +0 hand axe (weapon)
 c - a +0 great sword
Missiles
 d - 37 bolts
Armour
 b - a +0 robe (worn)
Jewellery
 f - a ring of magical power (left hand)


   Skills:
 + Level 3.2 Fighting
 + Level 3.3 Axes
 + Level 3.3 Dodging
 + Level 2.3 Stealth


You had 2 spell levels left.
You didn't know any spells.
Your spell library contained the following spells:

 Spells                   Type           Power      Damage    Failure   Level
 Iskenderun's Battlesphe  Conj           0%         2d6       100%        5
 Iron Shot                Conj/Erth      0%         9d1       100%        6
 Spellforged Servitor     Conj/Summ      0%         N/A       100%        7


Dungeon Overview and Level Annotations

Branches:
Dungeon (2/15)

Altars:


Message History

The adder barely misses you. The adder closely misses you.
You miss the adder.
The adder is lightly wounded.
The adder bites you but does no damage.
You hit the adder.
The adder is heavily wounded.
The adder bites you. x2
You barely miss the adder.
The adder is heavily wounded.
The adder bites you but does no damage.
You miss the adder.
The adder is heavily wounded.
The adder bites you.
You are poisoned.
The adder poisons you! The adder misses you.
You miss the adder.
The adder is heavily wounded.
You feel sick. The adder bites you but does no damage.
You hit the adder but do no damage.
The adder is heavily wounded.
You feel sick. The adder barely misses you. x2
You barely miss the adder.
The adder is heavily wounded.
You feel sick. The adder closely misses you.
You closely miss the adder.
The adder is heavily wounded.
You feel sick. The adder bites you.
* * * LOW HITPOINT WARNING * * *
You are lethally poisoned!
The adder poisons you!
You hit the adder.
The adder is heavily wounded.
* * * LOW HITPOINT WARNING * * *
You feel sick. The adder bites you.
* * * LOW HITPOINT WARNING * * *
The adder misses you.
Sorry, you're not good enough to have a special ability.
You aren't carrying any potions.
You aren't carrying any scrolls.
You die...

. ..#######
.$......##########
.....(.............#
#.##..####...###.# #.#
#.......S.....†..# #.#
#w......#@...###.###.#
#.....# #.#.## #.....#
#.#.#.# #.#.# ###.#.#
#.#.#.# #.#.# #.#.#
#.#.#<###.#.# #.#.#
#.<.......#.# #.#.#
#...g.......#### #.#.#
##.....##........
..#.# ..............##
###.#


You could see an adder.

Vanquished Creatures
  3 bats (D:1)
  3 endoplasms
  A giant cockroach (D:1)
  3 goblins (D:1)
  3 hobgoblins (D:1)
  4 quokkas (D:1)
  A frilled lizard (D:2)
  5 rats
23 creatures vanquished.

Notes
Turn   | Place    | Note
-------+----------+-------------------------------------------
     0 | D:1      | croobank the Human Monk began the quest for the Orb.
     0 | D:1      | Reached XP level 1. HP: 18/18 MP: 1/1
   564 | D:1      | Reached XP level 2. HP: 24/24 MP: 2/2
  1167 | D:1      | Reached XP level 3. HP: 24/29 MP: 3/3
  1996 | D:2      | HP: 1/29 [adder (4)]
  1997 | D:2      | Succumbed to an adder's poison

Illustrated notes

Levels and vault maps discovered:
D:1:      wander_arrival_peaceful_grave, layout_loops_corners, serial_rivers,
          chequers_serial_rivers_micro_b, chequers_serial_rivers_large_b,
          chequers_serial_rivers_micro_c, chequers_serial_rivers_micro_a,
          grunt_decor_junction
D:2:      layout_loops_ring, minmay_worlds_worst_comb

Action                   || total
-------------------------++-------
Melee: Hand axe          ||   117
  Use: Scroll            ||     3
 Stab: Sleeping          ||     7
Armor: Robe              ||    19
Dodge: Dodged            ||    86

Table legend: (Time is in decaauts)
 A = Elapsed time spent in this place.
 B = Non-inter-level travel time spent in this place.
 C = Inter-level travel time spent in this place.
 D = Time resting spent in this place.
 E = Time spent auto-exploring this place.
 F = Levels seen in this place.
 G = Mean time per level.
                   A        B        C        D        E       F      G
               +--------+--------+--------+--------+--------+-----+--------+
         Total |   2064 |   2037 |     27 |    234 |   1424 |   2 | 1032.0 |
       Dungeon |   2064 |   2037 |     27 |    234 |   1424 |   2 | 1032.0 |
               +--------+--------+--------+--------+--------+-----+--------+

Top non-repeatable levels by time:
     D:1: 1938 daAuts
     D:2: 126 daAuts
